 Dungeon Crawl Stone Soup version 0.28-a0-655-g4eb62b627b (webtiles) character file.

Game seed: 3914931615902605700

120 avis the Insei (level 5, -4/34 HPs)
             Began as an Octopode Transmuter on Oct 12, 2021.
             Slain by Grinder (5 damage)
             ... while paralysed by Grinder
             ... on level 3 of the Dungeon.
             The game lasted 00:14:26 (2569 turns).

avis the Insei (Octopode Transmuter)                Turns: 2569, Time: 00:14:27

Health: -4/34      AC:  6    Str: 10    XL:     5   Next: 4%
Magic:  3/8        EV:  5    Int: 15    God:
Gold:   91         SH:  0    Dex: 18    Spells: 2/8 levels left

rFire   . . .      SeeInvis .     - Unarmed
rCold   . . .      Faith    .   (shield currently unavailable)
rNeg    . . .      Spirit   .   (helmet currently unavailable)
rPois   x          Reflect  .   (no amulet)
rElec   .          Harm     .   g - +4 ring of protection
rCorr   .          Rampage  .   (no ring)
Will    .....                   (no ring)
Stlth   ++........              (no ring)
HPRegen 0.11/turn               (no ring)
MPRegen 0.11/turn               (no ring)
                                (no ring)
                                (no ring)

@: paralysed, spider-form (expiring)
A: venomous fangs, almost no armour, (amphibious), 8 rings, tiny, (camouflage
1), (gelatinous body 1), (nimble swimmer 1), (tentacles)
a: End Transformation


You were on level 3 of the Dungeon.
You were a venomous arachnid creature.
You visited 1 branch of the dungeon, and saw 3 of its levels.

You collected 91 gold pieces.

Inventory:

Hand Weapons
 a - a +1 whip of electrocution (melded)
 b - a +0 dagger of draining
Missiles
 h - 97 stones
 i - 15 poisoned darts
Jewellery
 g - a +4 ring of protection (left front leg)
Scrolls
 c - 2 scrolls of vulnerability {unknown}
 f - a scroll of noise {unknown}
 j - a scroll of blinking {unknown}
 k - a scroll of acquirement {unknown}
 m - a scroll of enchant weapon {unknown}
 n - 2 scrolls of amnesia {unknown}
 q - a scroll of magic mapping {unknown}
Potions
 d - a potion of brilliance {unknown}
 e - a potion of mutation {unknown}
 l - a potion of berserk rage {unknown}
 o - a potion of heal wounds {unknown}
 p - a potion of invisibility {unknown}
 r - a potion of haste {unknown}
 s - a potion of flight {unknown}


   Skills:
 * Level 2.0 Fighting
 - Level 2.0 Dodging
 - Level 2.0 Stealth
 - Level 5.0 Unarmed Combat
 - Level 2.0 Spellcasting
 - Level 2.0 Transmutations


You had 2 spell levels left.
You knew the following spells:

 Your Spells              Type           Power      Damage    Failure   Level
a - Beastly Appendage     Tmut           14%        N/A       24%         1
c - Passwall              Tmut/Erth      3%         N/A       43%         2
p - Spider Form           Tmut/Pois      2%         N/A       63%         3

Your spell library contained the following spells:

 Spells                   Type           Power      Damage    Failure   Level
 Wereblood                Tmut           7%         N/A       32%         2
 Sandblast                Erth           2%         2d4       43%         1
 Scorch                   Fire           2%         2d5       54%         2
 Slow                     Hex            1%         N/A       54%         2
 Static Discharge         Conj/Air       1%         N/A       54%         2
 Stone Arrow              Conj/Erth      2%         3d7       75%         3
 Ice Form                 Ice/Tmut       4%         N/A       93%         4
 Dispel Undead            Necr           1%         3d6       98%         4
 Sticky Flame             Conj/Fire      1%         2d3       98%         4
 Fireball                 Conj/Fire      0%         3d3       100%        5


Dungeon Overview and Level Annotations

Branches:
Dungeon (3/15)

Altars:
Fedhas

Annotations:
D:3 Grinder


Innate Abilities, Weirdness & Mutations

You are a venomous arachnid creature.
You have poisonous fangs.
You are tiny and dextrous.
Your spellcasting is less reliable in this form.
Your armour is entirely melded.
You are incapable of wielding weapons or throwing items.
You cannot wear most types of armour.
((You are amphibious.))
You can wear up to eight rings at the same time.
((Your skin changes colour to match your surroundings (Stealth+).))
((Your rubbery body absorbs attacks. (AC +1, EV +1)))
((You are camouflaged near water. (Stealth+)))
((You have tentacles for arms and can constrict up to eight enemies at once.))


Message History

Your tentacle spike disappears.
Found a stone staircase leading down.
s - a ruby potion
Found 21 bolts.
Found a blossoming altar of Fedhas.
Casting: Beastly Appendage (safe; 10% risk of failure)
Confirm with . or Enter, or press ? or * to list all spells.
The spell is quite dangerous to cast (41% risk of failure)!
Continue anyway?
You miscast Spider Form.
You are very lightly contaminated with residual magic.
Nothing appears to happen.
Grinder shouts!
Casting: Spider Form (quite dangerous; 41% risk of failure)
Confirm with . or Enter, or press ? or * to list all spells.
The spell is quite dangerous to cast (41% risk of failure)!
Continue anyway?
You turn into a venomous arachnid creature.
Your +1 whip of electrocution melds into your body.
Your +1 whip of electrocution stops crackling.
Your transformation is almost over.
Grinder blinks!
Grinder gestures at you.
You barely resist. You hit Grinder but do no damage. Grinder gestures at you.
Pain shoots through your body!
You hit Grinder.
Grinder is lightly wounded.
Grinder gestures at you.
You suddenly lose the ability to move!
Grinder gestures at you. Pain shoots through your body! Grinder hits you!
Your magical contamination has completely faded away.
Grinder gestures at you. Pain shoots through your body!
* * * LOW HITPOINT WARNING * * *
Grinder hits you.
* * * LOW HITPOINT WARNING * * *
You writhe in agony.
You die...

######. #.. ... ## .....#.###.#
.. .######........# #. ..
.....#...#..##.. #.#. .#..#
S...###..... ##... ....
.....##.##. .(.####.###
#...>....# #..##.?...##
##........# #..#...s5..#
#..........
###..#.......#.#.......... ######
#........_................
.....###....#.......#......<.....
^....#......#.......#..#######...
...).#.###..##.....##..# #..#.
.......###..####.####.# ..##.
.....###..............# ## ##
.....#..[........#....####.# #


You could see Grinder.

Vanquished Creatures
  A bullfrog zombie (D:3)
  Robin (D:2)
  2 adders
  2 worms (D:2)
  A dart slug (D:1)
  5 ball pythons
  An endoplasm (D:1)
  4 giant cockroaches
  9 goblins (D:2)
  4 hobgoblins (D:2)
  6 jackals
  2 quokkas
  4 bats
  A frilled lizard (D:2)
  3 kobolds
  5 rats
51 creatures vanquished.

Notes
Turn   | Place    | Note
-------+----------+-------------------------------------------
     0 | D:1      | avis the Octopode Transmuter began the quest for the Orb.
     0 | D:1      | Reached XP level 1. HP: 13/13 MP: 3/3
    75 | D:1      | Reached skill level 1 in Stealth
   206 | D:1      | Reached XP level 2. HP: 18/18 MP: 3/5
   785 | D:1      | Reached XP level 3. HP: 5/23 MP: 4/6
  1046 | D:1      | Learned a level 3 spell: Spider Form
  1051 | D:2      | Reached skill level 4 in Unarmed Combat
  1189 | D:2      | Got the Tome of the Burning Oath
  1415 | D:2      | Reached XP level 4. HP: 29/29 MP: 3/7
  1472 | D:2      | Noticed Robin
  1521 | D:2      | Killed Robin
  1707 | D:2      | Found a faded altar of an unknown god.
  2183 | D:3      | Reached XP level 5. HP: 28/34 MP: 2/8
  2240 | D:3      | Learned a level 2 spell: Passwall
  2264 | D:3      | Reached skill level 5 in Unarmed Combat
  2271 | D:3      | Noticed Grinder
  2272 | D:3      | Paralysed by Grinder for 4 turns
  2556 | D:3      | Found a blossoming altar of Fedhas.
  2565 | D:3      | Paralysed by Grinder for 6 turns
  2569 | D:3      | HP: 1/34 [Grinder (6)]
  2569 | D:3      | Slain by Grinder

Illustrated notes

Levels and vault maps discovered:
D:1:      dpeg_arrival_brainrot, layout_basic
D:2:      layout_basic, ebering_ecumenical_altar_mist, uniq_robin
D:3:      layout_rooms, mainiacjoe_overflow_swirl, old_standard_altar,
          uniq_grinder

Skill      XL: |  1  2  3  4  5 |
---------------+----------------+-----
Stealth        | 2 |  2.0
Unarmed Combat | 4 5 |  5.0
Fighting       | 2 |  2.0
Dodging        | |  2.0
Spellcasting   | |  2.0
Transmutations | |  2.0

Action                   |  1- 3 |  4- 6 || total
-------------------------+-------+-------++-------
Melee: Unarmed           |    46 |    16 ||    62
       Constrict         |    15 |    10 ||    25
       Tentacles         |     8 |     6 ||    14
       Kick              |     9 |     7 ||    16
       Whip              |    18 |    33 ||    51
       Punch             |       |     1 ||     1
 Cast: Beastly Appendage |    18 |     8 ||    26
       Spider Form       |     5 |     6 ||    11
  Use: Potion            |     1 |       ||     1
 Stab: Sleeping          |     9 |     1 ||    10
Armor: Skin              |     8 |    11 ||    19
Dodge: Dodged            |    53 |    28 ||    81

Table legend: (Time is in decaauts)
 A = Elapsed time spent in this place.
 B = Non-inter-level travel time spent in this place.
 C = Inter-level travel time spent in this place.
 D = Time resting spent in this place.
 E = Time spent auto-exploring this place.
 F = Levels seen in this place.
 G = Mean time per level.
                   A        B        C        D        E       F      G
               +--------+--------+--------+--------+--------+-----+--------+
         Total |   2576 |   2301 |    275 |    643 |   1014 |   3 |  858.7 |
       Dungeon |   2576 |   2301 |    275 |    643 |   1014 |   3 |  858.7 |
               +--------+--------+--------+--------+--------+-----+--------+

Top non-repeatable levels by time:
     D:1: 1214 daAuts
     D:2: 1067 daAuts
     D:3: 294 daAuts
